 Dungeon Crawl Stone Soup version 0.16.1-2-g95b8d4c (webtiles) character file.

1396 Palladion the Zephyrmancer (level 8, -2/41 HPs)
             Began as a Tengu Air Elementalist on Mar 24, 2015.
             Was a Believer of Vehumet.
             Slain by Sharkman1231's ghost (12 damage)
             ... on level 6 of the Dungeon.
             The game lasted 00:17:21 (4939 turns).

Palladion the Zephyrmancer (Tengu Air Elementalist) Turns: 4939, Time: 00:17:21

Health: -2/41      AC:  7    Str:  8    XL:     8   Next: 68%
Magic:  7/22       EV: 13    Int: 17    God:    Vehumet [**....]
Gold:   112        SH:  0    Dex: 16    Spells: 5 memorised, 5 levels left

rFire  + . .     SeeInvis .     t - +4 falchion
rCold  . . .     Clarity  .     A - +2 robe {rN+}
rNeg   + . .     SustAb   .     (no shield)
rPois  .         Gourm    .     (helmet restricted)
rElec  .         Spirit   .     a - +2 cloak {MR+}
rCorr  .         Warding  .     (no gloves)
rMut   .         Stasis   .     (boots unavailable)
MR     +....                    (no amulet)
Stlth  ++........               (no ring)
                                n - ring of protection from fire

@: repel missiles, somewhat resistant to hostile enchantments, unstealthy
A: able to fly, beak, talons 3
a: Fly, Renounce Religion


You were on level 6 of the Dungeon.
You worshipped Vehumet.
Vehumet was pleased with you.
You were near starving.

You visited 1 branch of the dungeon, and saw 6 of its levels.

You collected 344 gold pieces.
You spent 232 gold pieces at shops.

Inventory:

Hand weapons
 t - a +4 falchion (weapon)
 z - a +0 blowgun
Armour
 a - a +2 cloak of magic resistance (worn)
 d - a +0 shield
 A - a +2 robe of positive energy (worn)
 B - a +1 robe of cold resistance
 C - a +0 cloak of invisibility
Jewellery
 n - a ring of protection from fire (left hand)
Magical devices
 k - a wand of magic darts (11)
 q - a wand of polymorph (0)
 y - a wand of fireball (2)
Scrolls
 e - 8 scrolls of identify {unknown}
 f - 2 scrolls of teleportation {unknown}
 g - 4 scrolls of remove curse {unknown}
 i - a scroll of recharging {unknown}
 j - a scroll of noise {unknown}
 l - a scroll of enchant armour {unknown}
 o - 2 scrolls of blinking {unknown}
 s - a scroll of amnesia {unknown}
Potions
 h - a potion of brilliance {unknown}
 r - 2 potions of poison {unknown}
 v - a potion of agility
Books
 b - a book of Air

   Spells                             Type                      Level
   a - Shock                          Conjuration/Air              1
   b - Swiftness                      Charms/Air                   2
   c - Repel Missiles                 Charms/Air                   2
   d - Flight                         Charms/Air                   3
   e - Static Discharge               Conjuration/Air              3
   f - Lightning Bolt                 Conjuration/Air              5
Comestibles
 c - 5 bread rations
 m - 2 beef jerkies
 p - a meat ration


   Skills:
 - Level 2.1 Dodging
 - Level 2.0 Stealth
 + Level 5.6 Spellcasting
 + Level 8.3 Conjurations
 + Level 8.6 Air Magic


You had 5 spell levels left.
You knew the following spells:

 Your Spells              Type           Power        Failure   Level  Hunger
a - Shock                 Conj/Air       ####         1%          1    None
b - Static Discharge      Conj/Air       ####....     1%          3    ##.....
c - Swiftness             Chrm/Air       ###.....     3%          2    #......
d - Repel Missiles        Chrm/Air       ###...       3%          2    #......
e - Lightning Bolt        Conj/Air       ####......   14%         5    ######.


Dungeon Overview and Level Annotations

Branches:
Dungeon (6/15)
 Temple: D:4-7

Altars:
Elyvilon
Gozag
Okawaru
Vehumet
Xom
Zin

Shops:
D:4 =   D:5 [

Annotations:
D:6 Sharkman1231's ghost, experienced KoBe


Innate Abilities, Weirdness & Mutations

You can fly.
You have a beak for a mouth.
You have claws for feet.


Message History

The bolt of lightning misses Sharkman1231's ghost.
You feel sick. Sharkman1231's ghost hits you.
* * * LOW HITPOINT WARNING * * *
Drink which item? (? for menu, Esc to quit)
You feel better. Sharkman1231's ghost hits you.
* * * LOW HITPOINT WARNING * * *
You are poisoned.
* * * LOW HITPOINT WARNING * * *
You feel sick.
* * * LOW HITPOINT WARNING * * *
You feel sick.
Sharkman1231's ghost wails, "I was like you once."
Drink which item? (? for menu, Esc to quit)
You can't drink that!
Drink which item? (? for menu, Esc to quit)
You feel better. Sharkman1231's ghost hits you!
* * * LOW HITPOINT WARNING * * *
There is a stone staircase leading up here.
Sharkman1231's ghost hits you!
You die...

#.#.# #.#
#.#.# #.#
#.#.# #.#
#.#.# #.#
#.#.# #W#
####†#.# #.#
#....#.# #.#
#.####.#####.#
#.####..W@.#.#
#............#
##############


You could see Sharkman1231's ghost.

Vanquished Creatures
  The ghost of gw the Cudgeler, an experienced TeCK of Xom (D:5)
  Eustachio (D:5)
  The ghost of Palladion the Gusty, an average TeAE (D:3)
  2 ice beasts
  An ogre (D:5)
  A giant frog (D:4)
  A giant frog zombie (D:4)
  A centaur zombie (D:5)
  An orc priest (D:3)
  A jelly (D:6)
  3 iguanas
  A giant frog skeleton (D:4)
  2 orc wizards (D:5)
  4 worker ants
  Ijyb (D:3)
  A shadow imp (D:3)
  2 giant mites
  An adder (D:6)
  A white imp (D:5)
  An adder skeleton (D:4)
  6 giant geckos
  13 orcs
  2 ball pythons
  5 giant cockroaches
  6 hobgoblins
  13 jackals
  2 quokkas
  13 bats
  9 giant newts
  7 goblins
  A jackal skeleton (D:4)
  14 kobolds
  A kobold zombie (D:3)
  8 rats
128 creatures vanquished.

Vanquished Creatures (others)
  A kobold (D:3)
1 creature vanquished.

Grand Total: 129 creatures vanquished

Notes
Turn   | Place    | Note
--------------------------------------------------------------
     0 | D:1      | Palladion, the Tengu Air Elementalist, began the quest for the Orb.
     0 | D:1      | Reached XP level 1. HP: 10/10 MP: 3/3
   123 | D:1      | Reached XP level 2. HP: 15/15 MP: 1/5
   681 | D:1      | Reached XP level 3. HP: 19/19 MP: 4/7
   690 | D:1      | Learned a level 3 spell: Static Discharge
   976 | D:2      | Found an opulent altar of Gozag.
  1143 | D:2      | Found an iron altar of Okawaru.
  1313 | D:2      | Found a white marble altar of Elyvilon.
  1454 | D:3      | Noticed Palladion's ghost (average TeAE)
  1499 | D:3      | Found a shimmering altar of Xom.
  1508 | D:3      | Reached XP level 4. HP: 24/24 MP: 9/9
  1601 | D:3      | Found a radiant altar of Vehumet.
  1610 | D:3      | Became a worshipper of Vehumet
  1780 | D:3      | Noticed Ijyb
  1920 | D:3      | Killed Ijyb
  1920 | D:3      | Reached skill level 5 in Air Magic
  2091 | D:3      | Reached XP level 5. HP: 26/28 MP: 0/13
  2110 | D:3      | Learned a level 2 spell: Swiftness
  2113 | D:3      | Learned a level 2 spell: Repel Missiles
  2244 | D:3      | Killed Palladion's ghost
  2244 | D:3      | Reached XP level 6. HP: 32/32 MP: 12/15
  2266 | D:3      | Acquired Vehumet's first power
  2266 | D:3      | Offered knowledge of Freeze by Vehumet.
  2266 | D:3      | Reached skill level 5 in Conjurations
  2941 | D:4      | Reached skill level 6 in Air Magic
  3038 | D:4      | Reached XP level 7. HP: 23/36 MP: 16/18
  3381 | D:4      | Found Xieng's Jewellery Emporium.
  3494 | D:4      | Found a glowing silver altar of Zin.
  3691 | D:5      | Entered Level 5 of the Dungeon
  3703 | D:5      | Reached skill level 7 in Air Magic
  4254 | D:5      | Found Inowueq's Antique Armour Boutique.
  4289 | D:5      | Bought a glowing cloak for 108 gold pieces
  4289 | D:5      | Bought a glowing robe for 16 gold pieces
  4289 | D:5      | Bought a runed cloak for 108 gold pieces
  4374 | D:5      | Reached XP level 8. HP: 35/41 MP: 18/21
  4406 | D:5      | Reached skill level 5 in Spellcasting
  4413 | D:5      | Learned a level 5 spell: Lightning Bolt
  4464 | D:5      | Noticed gw's ghost (experienced TeCK)
  4482 | D:5      | Killed gw's ghost
  4482 | D:5      | Reached skill level 8 in Air Magic
  4575 | D:5      | Noticed Eustachio
  4583 | D:5      | Killed Eustachio
  4873 | D:6      | Noticed Sharkman1231's ghost (experienced KoBe)
  4939 | D:6      | Slain by Sharkman1231's ghost

Action                   |  1- 3 |  4- 6 |  7- 9 || total
-------------------------+-------+-------+-------++-------
Melee: Unarmed           |    22 |       |       ||    22
       Short sword       |    27 |    50 |    18 ||    95
       Falchion          |       |       |     1 ||     1
 Cast: Shock             |    58 |    53 |    69 ||   180
       Static Discharge  |       |     5 |    18 ||    23
       Repel Missiles    |       |     2 |       ||     2
       Lightning Bolt    |       |       |     6 ||     6
Evoke: Wand              |     2 |     5 |       ||     7
  Use: Potion            |       |     3 |     3 ||     6
 Stab: Sleeping          |     1 |     1 |     1 ||     3
  Eat: Chunk             |     3 |     5 |     7 ||    15
